 Dungeon Sprint DCSS version 0.26-a0-663-g36e8fdb655 (webtiles) character file.

Game seed: 14661418507779602209

7275 Conn the Thaumaturge (level 11, -4/70 HPs)
             Began as an Octopode Hedge Wizard on Oct 11, 2020.
             Was the Champion of Sif Muna.
             Slain by a harpy (12 damage)
             ... in the Dungeon (Sprint VII: "The Pits").
             The game lasted 00:36:46 (3281 turns).

Conn the Thaumaturge (Octopode Hedge Wizard)        Turns: 3281, Time: 00:36:47

Health: -4/70      AC:  1    Str: 12    XL:     11   Next: 12%
Magic:  1/27       EV: 16    Int: 20    God:    Sif Muna [******]
Gold:   0          SH:  0    Dex: 15    Spells: 6/35 levels left

rFire    . . .     SeeInvis .   r - +2 rapier (drain)
rCold    . . .     Faith    .   (no shield)
rNeg     . . .     Spirit   .   b - +0 hat
rPois    .         Reflect  .   (no amulet)
rElec    .         Harm     .   n - +3 ring of strength
rCorr    .         Rampage  .   o - +3 ring of dexterity
MR       .....     NoTele   +   (no ring)
Stlth    ++++++....             (no ring)
HPRegen  0.21/turn              (no ring)
MPRegen  0.20/turn              (no ring)
                                (no ring)
                                (no ring)

@: swift, very quick
A: almost no armour, stealthy swim, amphibious, 8 rings, constrict 8, camouflage
1, gelatinous body 1
a: Channel Magic, Forget Spell, Divine Exegesis, Renounce Religion


You were in the Dungeon.
You worshipped Sif Muna.
Sif Muna was exalted by your worship.
You visited 1 branch

Inventory:

Hand Weapons
 a - a +0 dagger
 c - a +2 dagger
 m - a +2 dagger of draining
 r - a +2 rapier of draining (weapon)
Missiles
 j - a throwing net (quivered)
Armour
 b - a +0 hat (worn)
Jewellery
 n - a +3 ring of strength (left tentacle)
 o - a +3 ring of dexterity (right tentacle)
Scrolls
 k - 3 scrolls of remove curse
 l - 3 scrolls of amnesia
Potions
 d - 8 potions of curing
 e - 3 potions of heal wounds
 g - 3 potions of magic
 h - 3 potions of berserk rage
 p - a potion of stabbing
 q - a potion of resistance


   Skills:
 + Level 4.4 Fighting
 + Level 7.4 Short Blades
 + Level 4.8 Dodging
 - Level 10.6 Stealth
 * Level 12.8 Spellcasting
 * Level 11.4 Conjurations
 + Level 1.3 Hexes
   Level 4.0 Summonings
 + Level 5.3 Translocations
 - Level 4.6 Transmutations
 * Level 9.5 Fire Magic
 + Level 4.5 Air Magic
   Level 4.5 Earth Magic
 + Level 4.8 Poison Magic
 - Level 5.0 Invocations


You had 6 spell levels left.
You knew the following spells:

 Your Spells              Type           Power        Failure   Level
a - Magic Dart            Conj           ####         1%          1
b - Blink                 Tloc           N/A          1%          2
c - Sticky Flame          Conj/Fire      ######..     1%          4
d - Slow                  Hex            ###.....     4%          2
e - Conjure Flame         Conj/Fire      ######..     1%          3
f - Mephitic Cloud        Conj/Pois/Air  #####...     1%          3
g - Ignite Poison         Fire/Tmut/Pois #####...     1%          3
h - Fireball              Conj/Fire      ######....   1%          5
i - Iskenderun's Mystic   Conj/Tloc      #####...     1%          4
j - Swiftness             Air            ####....     1%          2

Your spell library contained the following spells:

 Spells                   Type           Power        Failure   Level
 Call Imp                 Summ           ####....     1%          2
 Passwall                 Tmut/Erth      ####....     1%          2
 Poisonous Vapours        Pois/Air       ####..       1%          2
 Inner Flame              Hex/Fire       ####....     1%          3
 Stone Arrow              Conj/Erth      #####.       1%          3
 Iskenderun's Battlesphe  Conj           ######..     1%          5
 Corpse Rot               Necr/Air       N/A          3%          2
 Call Canine Familiar     Summ           ####....     3%          3
 Portal Projectile        Hex/Tloc       ####..       4%          3
 Hailstorm                Conj/Ice       #####...     4%          4
 Pain                     Necr           ##..         5%          1
 Summon Guardian Golem    Hex/Summ       ###.....     5%          3
 Lightning Bolt           Conj/Air       #####.....   5%          5
 Passage of Golubria      Tloc           N/A          6%          4
 Summon Lightning Spire   Summ/Air       ####....     9%          4
 Starburst                Conj/Fire      ######....   11%         6
 Lee's Rapid Deconstruct  Erth           ####......   22%         5
 Summon Forest            Summ/Tloc      ####......   22%         5
 Conjure Ball Lightning   Conj/Air       #####.....   30%         6
 Freezing Cloud           Conj/Ice/Air   ####......   65%         6
 Eringya's Noxious Bog    Tmut/Pois      ####......   75%         6
 Hydra Form               Tmut           ####......   75%         6
 Statue Form              Tmut/Erth      ####.....    77%         6
 Excruciating Wounds      Necr           ##........   82%         5
 Invisibility             Hex            ###.....     99%         6
 Death Channel            Necr           ##........   100%        6
 Spellforged Servitor     Conj/Summ      #####.....   88%         7
 Haunt                    Necr/Summ      ###.......   100%        7
 Summon Hydra             Summ           ####......   100%        7
 Ignition                 Fire           ######....   100%        8


Dungeon Overview and Level Annotations

Branches:
Dungeon (1/1)

Altars:
Ashenzari
Cheibriados
Dithmenos
Elyvilon
Fedhas
Gozag
Hepliaklqana
Kikubaaqudgha
Makhleb
Nemelex Xobeh
Okawaru
Qazlal
Ru
Sif Muna
Trog
Uskayaw
Vehumet
Wu Jian
Xom
Yredelemnul
Zin
The Shining One
Beogh
Jiyva
Lugonu


Innate Abilities, Weirdness & Mutations

You cannot wear most types of armour.
You are very stealthy in the water. (Stealth+)
You are amphibious.
You can wear up to eight rings at the same time.
You can use your tentacles to constrict eight enemies at once.
Your skin changes colour to match your surroundings (Stealth+).
Your rubbery body absorbs attacks. (AC +1, EV +1)


Message History

Okay, then.
Okay, then.
Unknown command.
Unknown command.
Okay, then.
Unknown command.
Unknown command.
Unknown command.
You feel much better.
The harpy barely misses you. x2; The harpy misses you.
The harpy completely misses you. The harpy barely misses you.
The harpy misses you. The harpy claws you. The harpy closely misses you.
The harpy claws you!
* * * LOW HITPOINT WARNING * * *
The harpy misses you.
You feel much better. The harpy barely misses you. The harpy claws you.
The harpy barely misses you. The harpy claws you. The harpy claws you!!
* * * LOW HITPOINT WARNING * * *
The harpy closely misses you. The harpy misses you.
The harpy claws you but does no damage. The harpy claws you!
You die...

_______...###########++######
#########'##................#
.?(.')))'.##......#..#......#
#########.##................+
........).)'................+
'#####'#####))....#..#......#
.#..#.)#..##..)...).........#
.#..').#).#####H#####''######
.#..####))##...H@..##''##########
.#.)#..#))##....H..##........÷.#.
.#..#..#[[##.......##........÷.'.
.##'#..#'###...<...##).#####...##
.#........##...))..##..'...#...{.
)#........##.......##).#...#.....
'###########...)...##..#...#.####
.......#..###########[.#####.)...
.......#.############..))....#...


You could see 3 harpies.

Vanquished Creatures
  A naga warrior (D)
  A fire crab (D)
  2 harpies (D)
  A salamander (D)
  A cyclops (D)
  A kobold demonologist (D)
  A komodo dragon (D)
  A rime drake (D)
  A merfolk (D)
  A redback (D)
  A shadow (D)
  A tarantella (D)
  2 wyverns (D)
  3 yaks (D)
  A basilisk (D)
  A neqoxec (D)
  4 vampire mosquitoes (D)
  2 nagas (D)
  A floating eye (D)
  A wandering mushroom (D)
  A black bear (D)
  3 ice beasts (D)
  A phantom (D)
  A wolf (D)
  A centaur (D)
  3 big kobolds (D)
  A gnoll sergeant (D)
  A small abomination (D)
  5 wights (D)
  An iron imp (D)
  An orc wizard (D)
  A worker ant (D)
  A mummy (D)
  4 gnolls (D)
  A river rat (D)
  An ufetubus (D)
  An adder zombie (D)
  A worm (D)
  A leopard gecko (D)
  4 orcs (D)
  2 hobgoblins (D)
  6 jackals (D)
  2 kobolds (D)
  A quokka (D)
  A ball python (D)
  A giant cockroach zombie (D)
  2 rats (D)
77 creatures vanquished.

Vanquished Creatures (collateral kills)
  A flying skull (D)
  A water moccasin (D)
  3 jackals (D)
  A quokka (D)
6 creatures vanquished.

Grand Total: 83 creatures vanquished

Notes
Turn   | Place    | Note
-------+----------+-------------------------------------------
     0 | D        | Conn the Octopode Hedge Wizard began the quest for the Orb.
     0 | D        | Reached XP level 1. HP: 11/11 MP: 4/4
   127 | D        | Found a bloodstained altar of Trog.
   127 | D        | Found a shimmering blue altar of Sif Muna.
   127 | D        | Found a viscous altar of Jiyva.
   127 | D        | Found a hazy altar of Hepliaklqana.
   127 | D        | Found an opulent altar of Gozag.
   128 | D        | Found a glowing golden altar of the Shining One.
   128 | D        | Found a glowing silver altar of Zin.
   128 | D        | Found a basalt altar of Yredelemnul.
   128 | D        | Found a shimmering altar of Xom.
   128 | D        | Found an ornate altar of the Wu Jian Council.
   128 | D        | Found a sacrificial altar of Ru.
   128 | D        | Found a stormy altar of Qazlal.
   128 | D        | Found an iron altar of Okawaru.
   128 | D        | Found a sparkling altar of Nemelex Xobeh.
   128 | D        | Found a burning altar of Makhleb.
   128 | D        | Found a blossoming altar of Fedhas.
   128 | D        | Found a white marble altar of Elyvilon.
   128 | D        | Found a shadowy altar of Dithmenos.
   128 | D        | Found a snail-covered altar of Cheibriados.
   129 | D        | Found a radiant altar of Vehumet.
   129 | D        | Found a corrupted altar of Lugonu.
   129 | D        | Found a roughly hewn altar of Beogh.
   130 | D        | Found an ancient bone altar of Kikubaaqudgha.
   130 | D        | Found a hide-covered altar of Uskayaw.
   130 | D        | Found a broken altar of Ashenzari.
   131 | D        | Became a worshipper of Sif Muna the Loreminder
   205 | D        | Reached * piety under Sif Muna
   205 | D        | Reached skill level 4 in Spellcasting
   205 | D        | Reached XP level 2. HP: 11/17 MP: 5/7
   208 | D        | Reached skill level 5 in Spellcasting
   385 | D        | Learned a level 2 spell: Blink
   388 | D        | Noticed a floating eye
   397 | D        | Reached ** piety under Sif Muna
   399 | D        | Noticed a flying skull
   486 | D        | Learned a level 2 spell: Call Imp
   489 | D        | Learned a level 2 spell: Slow
   503 | D        | Killed a flying skull
   503 | D        | Reached skill level 6 in Spellcasting
   503 | D        | Reached XP level 3. HP: 22/22 MP: 0/11
   503 | D        | Reached XP level 4. HP: 27/27 MP: 0/12
   510 | D        | Paralysed by a floating eye for 2 turns
   514 | D        | Killed a floating eye
   514 | D        | Reached *** piety under Sif Muna
   514 | D        | Reached skill level 1 in Short Blades
   514 | D        | Reached skill level 7 in Spellcasting
   514 | D        | Reached XP level 5. HP: 32/32 MP: 1/15
   617 | D        | Learned a level 3 spell: Conjure Flame
   621 | D        | Learned a level 3 spell: Mephitic Cloud
   660 | D        | Noticed an ice beast
   661 | D        | Noticed a water moccasin
   675 | D        | Reached skill level 1 in Fighting
   675 | D        | Reached skill level 8 in Spellcasting
   675 | D        | Reached skill level 1 in Air Magic
   688 | D        | Killed a water moccasin
   688 | D        | Reached skill level 1 in Fire Magic
   688 | D        | Reached XP level 6. HP: 38/38 MP: 3/17
   692 | D        | Reached **** piety under Sif Muna
   878 | D        | Reached skill level 9 in Spellcasting
   893 | D        | Reached ***** piety under Sif Muna
   893 | D        | Received a gift from Sif Muna
   895 | D        | Reached skill level 5 in Stealth
   895 | D        | Reached XP level 7. HP: 32/43 MP: 4/19
   967 | D        | Reached skill level 5 in Conjurations
   967 | D        | Reached skill level 5 in Invocations
  1094 | D        | Learned a level 3 spell: Ignite Poison
  1100 | D        | Learned a level 5 spell: Fireball
  1186 | D        | Identified Sif Muna's Almanac of Unstable Weightlessness
                  | (Sif Muna gifted it to you in the Dungeon)
  1186 | D        | Received a gift from Sif Muna
  1193 | D        | Learned a level 4 spell: Iskenderun's Mystic Blast
  1251 | D        | Noticed a wyvern
  1307 | D        | Noticed a wyvern
  1317 | D        | Killed a wyvern
  1317 | D        | Reached skill level 10 in Spellcasting
  1337 | D        | Killed a wyvern
  1337 | D        | Reached XP level 8. HP: 46/51 MP: 9/22
  1521 | D        | Noticed a tarantella
  1529 | D        | Reached skill level 5 in Fire Magic
  1532 | D        | Killed a tarantella
  1534 | D        | Reached skill level 1 in Poison Magic
  1536 | D        | Received a gift from Sif Muna
  1541 | D        | Learned a level 2 spell: Swiftness
  1549 | D        | Noticed a merfolk
  1557 | D        | Killed a merfolk
  1557 | D        | Reached skill level 5 in Short Blades
  1557 | D        | Reached XP level 9. HP: 53/57 MP: 17/23
  1559 | D        | Noticed a kobold demonologist
  1561 | D        | Noticed a fire crab
  1576 | D        | Reached ****** piety under Sif Muna
  1598 | D        | Identified Sif Muna's Almanac of Dusty Sinister Secrets
                  | (Sif Muna gifted it to you in the Dungeon)
  1598 | D        | Received a gift from Sif Muna
  1701 | D        | Killed a kobold demonologist
  1902 | D        | Learned a level 2 spell: Passwall
  1933 | D        | Killed a fire crab
  1933 | D        | Reached skill level 11 in Spellcasting
  2048 | D        | Noticed a salamander
  2056 | D        | Identified Sif Muna's Incunabulum of Creative Fire (Sif
                  | Muna gifted it to you in the Dungeon)
  2056 | D        | Received a gift from Sif Muna
  2059 | D        | Noticed a naga warrior
  2061 | D        | Killed a salamander
  2071 | D        | Reached XP level 10. HP: 52/63 MP: 6/25
  2091 | D        | Killed a naga warrior
  2091 | D        | Reached skill level 10 in Stealth
  2091 | D        | Reached skill level 1 in Hexes
  2091 | D        | Reached skill level 5 in Translocations
  2303 | D        | Learned a level 4 spell: Sticky Flame
  2305 | D        | Noticed a cyclops
  2309 | D        | Killed a cyclops
  2309 | D        | Identified Cerebov's Compendium of Combat Magic (Sif Muna
                  | gifted it to you in the Dungeon)
  2309 | D        | Received a gift from Sif Muna
  2323 | D        | Reached skill level 10 in Conjurations
  2513 | D        | Reached skill level 12 in Spellcasting
  2660 | D        | Noticed a harpy
  2660 | D        | Noticed a harpy
  2660 | D        | Noticed a harpy
  2675 | D        | Identified Sif Muna's Catalogue of Air and Fire (Sif Muna
                  | gifted it to you in the Dungeon)
  2675 | D        | Received a gift from Sif Muna
  3168 | D        | Received a gift from Sif Muna
  3268 | D        | Noticed a harpy
  3269 | D        | Noticed a harpy
  3272 | D        | Killed a harpy
  3272 | D        | Reached XP level 11. HP: 70/70 MP: 15/27
  3274 | D        | Killed a harpy
  3279 | D        | HP: 3/70 [harpy (11)]
  3281 | D        | Slain by a harpy

Illustrated notes

Levels and vault maps discovered:
D:        pitsprint [storerooms_1, entrance_room_1, metal_vault_8, armoury_3,
          mini_pit_1, grid_room_1, main_hall_1, silver_pit, the_coven_3,
          the_vestibule_1, steel_vault_4, golden_pit, hallway_of_sentries,
          crystal_vault_5, iron_vault_1, final_vault]

Skill      XL: |  1  2  3  4  5  6  7  8  9 10 |
---------------+-------------------------------+-----
Stealth        | 3 4 5 6 8 9 10 | 10.6
Spellcasting   | 4 6 7 8 9 10 11 12 | 12.8
Conjurations   | 3 4 6 7 9 11 | 11.4
Dodging        | 3 4 |  4.8
Translocations | 2 3 4 5 |  5.3
Invocations    | 2 3 4 5 |  5.0
Short Blades   | 1 4 5 6 7 |  7.4
Fighting       | 1 2 3 4 |  4.4
Air Magic      | 1 2 3 4 |  4.5
Summonings     | 2 3 4 |  4.0
Fire Magic     | 1 2 4 6 7 9 |  9.5
Poison Magic   | 1 3 4 |  4.8
Transmutations | 3 4 |  4.6
Earth Magic    | 3 4 |  4.5
Hexes          | 1 |  1.3

Action                   |  1- 3 |  4- 6 |  7- 9 | 10-12 || total
-------------------------+-------+-------+-------+-------++-------
Melee: Dagger            |    21 |    18 |    29 |       ||    68
       Constrict         |     4 |     5 |     9 |     5 ||    23
       Tentacles         |     2 |     6 |    11 |    11 ||    30
       Rapier            |       |       |    34 |    48 ||    82
 Cast: Magic Dart        |     4 |    11 |    39 |    17 ||    71
       Call Imp          |     3 |    11 |     3 |     2 ||    19
       Slow              |     1 |       |     2 |       ||     3
       Conjure Flame     |       |     3 |     8 |     3 ||    14
       Mephitic Cloud    |       |     1 |    17 |     6 ||    24
       Blink             |       |       |     3 |     3 ||     6
       Swiftness         |       |       |     2 |     1 ||     3
       Fireball          |       |       |     1 |    14 ||    15
       Iskenderun's Myst |       |       |     1 |     4 ||     5
       Ignite Poison     |       |       |     1 |     1 ||     2
       Sticky Flame      |       |       |       |     1 ||     1
Invok: Channel Magic     |       |     1 |     1 |       ||     2
  Use: Potion            |     1 |     2 |     5 |     6 ||    14
       Scroll            |     1 |       |       |     3 ||     4
 Stab: Sleeping          |     2 |       |     4 |     2 ||     8
       Invisible         |       |     3 |     3 |       ||     6
       Confused          |       |       |     7 |     5 ||    12
       Distracted        |       |       |     1 |       ||     1
Armor: Skin              |     2 |       |       |     3 ||     5
Dodge: Dodged            |    14 |     7 |    31 |    48 ||   100

Table legend: (Time is in decaauts)
 A = Elapsed time spent in this place.
 B = Non-inter-level travel time spent in this place.
 C = Inter-level travel time spent in this place.
 D = Time resting spent in this place.
 E = Time spent auto-exploring this place.
 F = Levels seen in this place.
 G = Mean time per level.
                   A        B        C        D        E       F      G
               +--------+--------+--------+--------+--------+-----+--------+
         Total |   3239 |   3239 |      0 |   1966 |      0 |   1 | 3239.0 |
       Dungeon |   3239 |   3239 |      0 |   1966 |      0 |   1 | 3239.0 |
               +--------+--------+--------+--------+--------+-----+--------+

Top non-repeatable levels by time:
       D: 3239 daAuts
